 Dungeon Crawl Stone Soup version 0.29.1-15-g9cfb28693d (webtiles) character file.

Game seed: 4626264748156955641

126 Ast3rio the Cudgeller (level 5, -27/29 (46) HPs)
             Began as a Meteoran Cinder Acolyte on Mar 14, 2023.
             Was a High Priest of Ignis.
             Annihilated by an ogre
             ... wielding a +0 giant club
              (30 damage)
             ... on level 4 of the Dungeon.
             The game lasted 00:04:52 (1815 turns).

Ast3rio the Cudgeller (Meteoran Cinder Acolyte)     Turns: 1815, Time: 00:04:52

HP:   -27/29 (46)   AC:  2    Str: 18    XL:     5   Next: 59%
MP:   10/10         EV: 11    Int: 15    God:    Ignis [*****.]
Gold: 64            SH:  0    Dex:  9    Spells: 8/10 levels left

rFire   + . .      SeeInvis .   q - +2 short sword (speed)
rCold   . . .      Faith    .   (no shield)
rNeg    . . .      Spirit   .   b - +0 robe
rPois   .          Reflect  .   (no helmet)
rElec   .          Harm     .   e - scarf {+Inv}
rCorr   .          Rampage  .   (no gloves)
Will    .....                   (no boots)
Stlth   +.........              (no amulet)
HPRegen 0.09/turn               (no ring)
MPRegen 0.12/turn               (no ring)

@: glowing, very heavily drained
A: sense surroundings 1, otherworldly, glowing, explore regen
a: Renounce Religion, Evoke Invisibility, Fiery Armour, Foxfire Swarm, Rising
Flame


You were on level 4 of the Dungeon.
You worshipped Ignis.
Ignis was extremely pleased with you.
You visited 1 branch of the dungeon, and saw 4 of its levels.

You collected 64 gold pieces.

Inventory:

Hand Weapons
 a - a -1 mace of flaming
 q - a +2 short sword of speed (weapon)
Armour
 b - a +0 robe (worn)
 e - a scarf of invisibility (worn)
Jewellery
 c - an amulet of guardian spirit
 i - an amulet of magic regeneration
 s - a +4 ring of evasion
Scrolls
 d - 2 scrolls of fog {unknown}
 j - 2 scrolls of immolation {unknown}
 k - 3 scrolls of teleportation {unknown}
 l - 5 scrolls of identify {unknown}
 n - a scroll of amnesia {unknown}
 o - 2 scrolls of blinking {unknown}
 t - a scroll of poison {unknown}
Potions
 f - a potion of experience {unknown}
 g - a potion of cancellation {unknown}
 h - 2 potions of curing {unknown}
 m - 2 potions of mutation {unknown}
 p - 2 potions of invisibility {unknown}
 r - a potion of berserk rage {unknown}


   Skills:
 + Level 4.0 Fighting
 + Level 5.2 Maces & Flails
 + Level 0.9 Dodging
 + Level 3.0 Spellcasting
 + Level 4.4 Fire Magic


You had 8 spell levels left.
You knew the following spells:

 Your Spells              Type           Power      Damage    Failure   Level
a - Scorch                Fire           30%        2d7       4%          2

Your spell library contained the following spells:

 Spells                   Type           Power      Damage    Failure   Level
 Magic Dart               Conj           8%         1d3       21%         1
 Conjure Flame            Conj/Fire      9%         6-21      24%         3
 Blink                    Tloc           4%         N/A       30%         2
 Call Imp                 Summ           2%         N/A       30%         2
 Ignite Poison            Fire/Tmut/Pois 6%         N/A       32%         3
 Lesser Beckoning         Tloc           2%         N/A       52%         3
 Mephitic Cloud           Conj/Pois/Air  2%         N/A       52%         3
 Ozocubu's Armour         Ice            2%         N/A       52%         3
 Summon Guardian Golem    Hex/Summ       2%         N/A       52%         3
 Sticky Flame             Conj/Fire      9%         2d3       61%         4
 Passage of Golubria      Tloc           2%         N/A       89%         4
 Manifold Assault         Tloc           2%         N/A       99%         5
 Silence                  Hex/Air        1%         N/A       99%         5
 Dispersal                Tloc           1%         N/A       100%        6
 Orb of Destruction       Conj           1%         9d5       100%        7
 Ozocubu's Refrigeration  Ice            1%         4d7       100%        7
 Spellforged Servitor     Conj/Summ      1%         N/A       100%        7
 Disjunction              Tloc           1%         N/A       100%        8
 Lehudib's Crystal Spear  Conj/Erth      1%         10d2      100%        8


Dungeon Overview and Level Annotations

Branches:
Dungeon (4/15) Zot: 777
 Temple: D:4-7

Altars:

Shops:
D:2 [


Innate Abilities, Weirdness & Mutations

You passively map a small area around you.
You are easily found by Zot.
You glow in the dark.
You regain HP and MP as you explore.


Message History

An ogre comes into view. It is wielding a +0 giant club.
An ogre is nearby!
An ogre is nearby!
You hit the ogre.
The ogre is moderately wounded.
The ogre hits you with a +0 giant club!
Ouch! That really hurt!
You are too injured to fight recklessly!
You are too injured to fight recklessly!
You are too injured to fight recklessly!
You are too injured to fight recklessly!
You are too injured to fight recklessly!
You hit the ogre.
The ogre is moderately wounded.
You hit the ogre but do no damage.
The ogre is moderately wounded.
The ogre hits you with a +0 giant club!
* * * LOW HITPOINT WARNING * * *
You hit the ogre.
The ogre is moderately wounded.
You barely miss the ogre.
The ogre is moderately wounded.
The ogre closely misses you.
You barely miss the ogre.
The ogre is moderately wounded.
You hit the ogre.
The ogre is heavily wounded.
The ogre barely misses you.
You barely miss the ogre.
The ogre is heavily wounded.
You hit the ogre.
The ogre is heavily wounded.
The ogre completely misses you.
You hit the ogre.
The ogre is severely wounded.
You closely miss the ogre.
The ogre is severely wounded.
The ogre hits you with a +0 giant club!!
Ouch! That really hurt!
You die...

,.......##....
, ,
.......##.#.#
, ,
.....##.#.#
≈≈≈.##.#.# ,,
#≈.##.#.# #
#≈.##<#.# *
#≈#+#≈......#
*
#≈≈.≈≈.######
* , ##...@.#
,,,, *##..O.#
* , , #....#
#....# *
*#....# ,
,*#....# * ,
#....# * *
.....#, , *


You could see an ogre.

Vanquished Creatures
  7 adders
  3 dart slugs
  An orc (D:3)
  4 endoplasms
  4 giant cockroaches
  3 goblins
  5 hobgoblins
  4 jackals (D:1)
  9 kobolds
  A quokka (D:3)
  7 ball pythons
  3 bats
  4 frilled lizards
  4 rats
59 creatures vanquished.

Vanquished Creatures (others)
  11 foxfires (D:1)
11 creatures vanquished.

Grand Total: 70 creatures vanquished

Notes
Turn   | Place    | Note
-------+----------+-------------------------------------------
     0 | D:1      | Ast3rio the Meteoran Cinder Acolyte began the quest for the
                  | Orb.
     0 | D:1      | Reached XP level 1. HP: 19/19 MP: 3/3
     3 | D:1      | Found a faded altar of an unknown god.
    76 | D:1      | Reached XP level 2. HP: 13/26 MP: 3/5
   174 | D:1      | Reached XP level 3. HP: 12/31 MP: 5/7
   225 | D:1      | Learned a level 2 spell: Scorch
   491 | D:1      | Glimpsed the power of Zot.
   519 | D:2      | Found Kifeud's Armour Shop.
   623 | D:2      | Reached XP level 4. HP: 7/40 MP: 5/8
   972 | D:3      | Reached XP level 5. HP: 4/46 MP: 8/10
  1454 | D:3      | Reached skill level 5 in Maces & Flails
  1688 | D:3      | Glimpsed the power of Zot.
  1738 | D:3      | Glimpsed the power of Zot.
  1778 | D:3      | Glimpsed the power of Zot.
  1788 | D:3      | Touched by the power of Zot.
  1802 | D:4      | Noticed an ogre
  1815 | D:4      | Annihilated by an ogre

Illustrated notes

Levels and vault maps discovered:
D:1:      moated_graveyard_arrival, layout_basic, ebering_ecumenical_altar_mist,
          skrybe_limestone_x
D:2:      layout_basic, serial_shops, shop
D:3:      layout_loops_ring, st_stairs_14, dk_vineyard_3, hangedman_glass_teeth
D:4:      layout_basic, kennysheep_mini_moat, minmay_temple_entry_slanted,
          minmay_misc_feat_diagonals, hex_intersection, uniq_natasha, uniq_ijyb

Skill      XL: |  1  2  3  4  5 |
---------------+----------------+-----
Spellcasting   | 2 3 |  3.0
Fire Magic     | 4 |  4.4
Fighting       | 4 |  4.0
Maces & Flails | 5 |  5.2
Dodging        | |  0.9

Action                   |  1- 3 |  4- 6 || total
-------------------------+-------+-------++-------
Melee: Mace              |    82 |    38 ||   120
       Punch             |     1 |       ||     1
       Short sword       |       |    48 ||    48
 Cast: Scorch            |     1 |    11 ||    12
Invok: Foxfire Swarm     |     1 |       ||     1
Armor: Robe              |    13 |    14 ||    27
Dodge: Dodged            |    51 |    42 ||    93
